 Dungeon Crawl Stone Soup version 0.15-a0-198-g2f4809b (webtiles) character file.

426 PolkaDot the Cutter (level 5, 0/38 HPs)
             Began as a Vampire Gladiator on Apr 22, 2014.
             Slain by an orc priest
             ... wielding a +1,+3 trident of flaming
              (3 damage)
             ... on Level 3 of the Dungeon.
             The game lasted 00:08:49 (2180 turns).

PolkaDot the Cutter (Vampire Gladiator)             Turns: 2180, Time: 00:08:49

HP   0/38        AC  5     Str 14      XL: 5   Next: 65%
MP   5/5         EV 13     Int 10      God:
Gold 205         SH  0     Dex 15      Spells:  0 memorised,  4 levels left

rFire  . . .     SeeInvis +     a - +0 cutlass
rCold  . . .     Clarity  .     b - +0 leather armour
rNeg   . . .     Conserve .     (no shield)
rPois  .         rCorr    .     e - +2 hat
rElec  .         rRot     .     (no cloak)
SustAb . .       Spirit   .     (no gloves)
rMut   .         Warding  .     (no boots)
Saprov . . .     Stasis   .     (no amulet)
MR     .....                    (no ring)
                                (no ring)

@: regenerating quickly, not resistant to hostile enchantments, unstealthy
A: fangs 3, see invisible, unbreathing
a: no special abilities


You were on level 3 of the Dungeon.
You were very full.

You visited 1 branch of the dungeon, and saw 3 of its levels.

You collected 205 gold pieces.

Inventory:

Hand weapons
 a - a +0,+0 cutlass (weapon)
Missiles
 d - 3 throwing nets (quivered)
Armour
 b - a +0 leather armour (worn)
 e - a +2 hat (worn)
Scrolls
 f - a scroll of recharging {unknown}
 g - a scroll of teleportation
 i - 2 scrolls of amnesia
 l - a scroll of identify
 m - a scroll of noise {unknown}
 o - a scroll of immolation {unknown}
 p - a scroll of enchant weapon I {unknown}
Potions
 c - 2 potions of haste
 h - a potion of brilliance {unknown}
 j - 3 potions of poison {!q}
 k - a potion of resistance {unknown}
 n - a potion of magic


   Skills:
 - Level 1.7 Fighting
 * Level 6.0 Short Blades
 - Level 1.5 Throwing
 - Level 2.0 Armour
 + Level 3.7 Dodging


You had 4 spell levels left.
You didn't know any spells.

Dungeon Overview and Level Annotations

Branches:
Dungeon (3/15)

Altars:


Innate Abilities, Weirdness & Mutations

Your natural rate of healing is unusually fast.
You have razor-sharp teeth.*
You have supernaturally acute eyesight.
You can survive without breathing.*


Message History

The orc priest hits you from afar with a trident of flaming.
The orc priest burns you.
You hit the orc.
You kill the orc!
The orc priest hits you with a trident of flaming.
The orc priest burns you.
Things that are here:
a falchion; an orc corpse You hit the orc priest.
Your bite misses the orc priest.
The orc priest is severely wounded.
The orc priest hits you with a trident of flaming.
* * * LOW HITPOINT WARNING * * *
The orc priest burns you.
* * * LOW HITPOINT WARNING * * *
You closely miss the orc priest.
The orc priest is severely wounded.
The orc priest hits you with a trident of flaming.
* * * LOW HITPOINT WARNING * * *
The orc priest burns you.
You die...

### ### #.# #.# #.# #.#
#.# #.# #.# #.# #.# #.#
####.#########.##########
.....)........).@o.......
(....#####.######.#######
.....# #.# .# .....# #.#
.# .....# #?# .# .....#
#.# .# .....# #.# .#
.....# #.# .# .....# #.#
.


You could see an orc priest.

Vanquished Creatures
  An orc wizard (D:3)
  Ijyb (D:2)
  6 adders
  3 gnolls (D:3)
  3 worms
  4 giant geckos
  3 oozes
  7 orcs (D:3)
  4 bats
  7 goblins
  7 hobgoblins
  4 jackals
  A quokka (D:3)
  2 giant newts
  7 kobolds
  11 rats
71 creatures vanquished.

Notes
Turn   | Place    | Note
--------------------------------------------------------------
     0 | D:1      | PolkaDot, the Vampire Gladiator, began the quest for the Orb.
     0 | D:1      | Reached XP level 1. HP: 16/16 MP: 1/1
   175 | D:1      | Reached XP level 2. HP: 17/22 MP: 2/2
   293 | D:1      | Reached skill level 1 in Armour
   398 | D:1      | Reached skill level 4 in Short Blades
   607 | D:2      | Reached XP level 3. HP: 17/27 MP: 3/3
   694 | D:2      | Noticed Ijyb
   741 | D:2      | Killed Ijyb
   765 | D:2      | Reached XP level 4. HP: 22/33 MP: 4/4
   868 | D:2      | Reached skill level 5 in Short Blades
  1701 | D:3      | Reached XP level 5. HP: 38/38 MP: 5/5
  2110 | D:3      | Reached skill level 6 in Short Blades
  2180 | D:3      | Slain by an orc priest

Action                   |  1- 3 |  4- 6 || total
-------------------------+-------+-------++-------
Melee: Cutlass           |   151 |   203 ||   354
  Use: Potion            |     1 |     3 ||     4
       Scroll            |       |     5 ||     5
 Stab: Sleeping          |     1 |       ||     1
